 Dungeon Crawl Stone Soup version 0.30-a0-651-g0755cc6dcf (webtiles) character file.

Game seed: 2914244559608545061

56 M4edhros the Charlatan (level 3, -3/24 HPs)
             Began as an Octopode Artificer on Jan 18, 2023.
             Was a Follower of Cheibriados.
             Killed by divine providence
             ... invoked by an orc priest
              (15 damage)
             ... on level 3 of the Dungeon.
             The game lasted 00:04:05 (1152 turns).

M4edhros the Charlatan (Octopode Artificer)         Turns: 1152, Time: 00:04:05

Health: -3/24      AC:  1    Str: 13    XL:     3   Next: 97%
Magic:  3/3        EV: 14    Int: 15    God:    Cheibriados [*.....]
Gold:   111        SH:  0    Dex: 16    Spells: 2/2 levels left

rFire   . . .      SeeInvis .    (no weapon)
rCold   . . .      Faith    .    (no shield)
rNeg    . . .      Spirit   .    (helmet restricted)
rPois   .          Reflect  .    a - amulet of regeneration
rElec   .          Harm     .    (no ring)
rCorr   .          Rampage  .    (no ring)
Will    .....                    (no ring)
Stlth   +++                      (no ring)
HPRegen 1.04/turn                (no ring)
MPRegen 0.08/turn                (no ring)
                                 (no ring)
                                 (no ring)

@: very slow
A: almost no armour, amphibious, 8 rings, camouflage 1, gelatinous body 1,
(nimble swimmer 1), tentacles
a: Renounce Religion, Bend Time


You were on level 3 of the Dungeon.
You worshipped Cheibriados.
Cheibriados was aware of your devotion.
You visited 2 branches of the dungeon, and saw 5 of its levels.

You collected 111 gold pieces.

Inventory:

Armour
 e - a +0 tower shield
Jewellery
 a - an amulet of regeneration (around mantle)
Wands
 b - a wand of flame (14) (quivered)
 c - a wand of charming (15)
 d - a wand of iceblast (5)
Scrolls
 h - a scroll of noise {unknown}
 i - a scroll of blinking {unknown}
 k - 3 scrolls of identify {unknown}
Potions
 f - a potion of attraction {unknown}
 g - a potion of mutation {unknown}
 j - a potion of heal wounds {unknown}
 l - a potion of curing {unknown}
 m - 2 potions of ambrosia {unknown}
 n - 2 potions of lignification {unknown}
 o - a potion of might {unknown}


   Skills:
 + Level 1.9 Fighting
 + Level 3.0 Dodging
 + Level 2.9 Stealth
 + Level 3.8 Evocations


You had 2 spell levels left.
You didn't know any spells.
Your spell library was empty.

Dungeon Overview and Level Annotations

Branches:
Dungeon (4/15)             Temple (1/1) D:4

Altars:
Ashenzari
Cheibriados
Dithmenos
Elyvilon
Hepliaklqana
Kikubaaqudgha
Okawaru
Qazlal
Ru
Trog
Uskayaw
Xom
Yredelemnul
Zin
The Shining One

Shops:
D:3 *


Innate Abilities, Weirdness & Mutations

You cannot wear most types of armour.
You are amphibious.
You can wear up to eight rings at the same time.
Your skin changes colour to match your surroundings (Stealth+).
Your rubbery body absorbs attacks. (AC +1, EV +1)
((You are camouflaged when in or above water. (Stealth+)))
You have tentacles for arms and can constrict up to eight enemies at once.


Message History

An orc is nearby!
An orc and an orc priest come into view.
The orc shouts! x2; The orc priest shouts!
You tentacle-slap the orc. Your grab misses the orc.
The orc is lightly wounded.
The orc closely misses you.
You tentacle-slap the orc. Your grab misses the orc.
The orc is moderately wounded.
The orc hits you with a +0 hand axe.
You tentacle-slap the orc. Your grab misses the orc. You squeeze the orc.
The orc is almost dead.
The orc barely misses you.
The orc priest hits you but does no damage.
You tentacle-slap the orc.
You kill the orc!
Cheibriados thoroughly appreciates the change of pace.
You can now bend time to slow others.
Cheibriados raises the support of your attributes as your movement slows.
The orc priest hits you from afar with a +0 trident.
You tentacle-slap the orc but do no damage.
Your grab misses the orc.
Your tentacle-slap misses the orc.
You squeeze the orc!
You kill the orc!
Cheibriados thoroughly appreciates the change of pace.
The orc priest miscasts a cantrip.
The orc priest hits you with a +0 trident.
The orc priest hits you with a +0 trident!
Items here: )) [ ††.
You closely miss the orc priest. Your grab misses the orc priest.
You squeeze the orc priest.
The orc priest is lightly wounded.
The orc priest hits you with a +0 trident.
You tentacle-slap the orc priest but do no damage.
You grab the orc priest.
The orc priest is lightly wounded.
You constrict the orc priest.
The orc priest invokes the aid of Beogh against you.
Beogh smites you!
Ouch! That really hurt!
You die...

..#.##.## #.....##..#
........# #....# .#
..#.##..# #####.#.##..#
..#.##..# #.......>...#
..#.##..###.#####.###.#
.............# #.#
#...##..# #..# #.#
#..###.)###..####o#
#..###..........@.#
........#.#..######
#..###.###...# #..##.##
##.... #..... .#.###
#..... .##.# ##.#### .#
#.# #.# ## #.# #.#


You could see an orc priest.

Vanquished Creatures
  An adder (D:4)
  A dart slug (D:3)
  2 orcs (D:3)
  3 endoplasms
  2 giant cockroaches (D:2)
  A goblin (D:1)
  2 hobgoblins
  3 jackals (D:1)
  3 quokkas
  7 ball pythons
  5 bats
  A frilled lizard (D:1)
  6 kobolds
  3 rats
40 creatures vanquished.

Vanquished Creatures (others)
  3 plants
3 creatures vanquished.

Grand Total: 43 creatures vanquished

Notes
Turn   | Place    | Note
-------+----------+-------------------------------------------
     0 | D:1      | M4edhros the Octopode Artificer began the quest for the
                  | Orb.
     0 | D:1      | Reached XP level 1. HP: 13/13 MP: 1/1
     9 | D:1      | amu of reg 9
    43 | D:1      | tower shield 43
   158 | D:2      | Reached XP level 2. HP: 18/18 MP: 2/2
   308 | D:3      | Found a white marble altar of Elyvilon.
   422 | D:4      | Reached XP level 3. HP: 14/23 MP: 3/3
   429 | D:4      | Found a staircase to the Ecumenical Temple.
   441 | Temple   | Entered the Ecumenical Temple
   497 | Temple   | Became a worshipper of Cheibriados the Contemplative
   929 | D:3      | Found Xiec's Assorted Antiques.
  1148 | D:3      | Reached * piety under Cheibriados
  1152 | D:3      | Killed from afar by an orc priest

Illustrated notes ♣♣~~ ~♣♣ $.^ ^.. P. [P ♣♣ ♣♣.♣♣♣♣.♣♣ ♣ ~.P♣........♣ .♣ ~^..........♣♣..# ♣............. ♣...<......... ♣.....@...P... ~^).........♣♣..# ~$P♣.......P♣ ♣♣ ♣♣.♣♣♣♣.♣♣ PP. .. ♣..^ ^.. ♣♣~~ ~~♣♣ ~~♣ Turn 9 on D:1: amu of reg 9

♣♣♣ ♣♣♣ ♣♣8♣♣♣♣8♣♣
♣P~P♣♣P~P♣
♣♣~~~♣♣~~~♣♣
♣..^.♣♣.^..♣
♣P...♣♣P.PP♣
♣♣♣♣♣♣♣.♣♣♣♣.♣♣♣ ♣
♣♣P~.P♣......@.♣ .♣
♣8~~^..........♣♣..#
♣♣P~.P♣.............
♣♣♣♣♣♣...<.........
♣♣~~.P♣.........P....
♣8~~^).........♣♣..##
♣♣~~.P♣.......P♣ $.♣
♣♣♣♣♣♣♣.♣♣♣♣.♣♣ .♣


PP.P♣ ..P Turn 43 on D:1: tower shield 43

Levels and vault maps discovered:
D:1:      psy_arrival_wood_between_worlds, layout_loops_ring,
          corexii_hall_statues_t, dk_noncrumbling_4
D:2:      layout_rooms, chequers_garden
D:3:      layout_loops_ring, mainiacjoe_overflow_concentric_impassable,
          general_overflow_altar, serial_shops, shop
D:4:      layout_rooms, minmay_temple_entry_ruins, serial_bayou,
          serial_bayou_pond_e, serial_bayou_crossing, serial_bayou_lagoon_a,
          serial_bayou_pond_e, chequers_serial_rivers_marsh
Temple:   kb_temple_of_zot

Skill      XL: |  1  2  3 |
---------------+----------+-----
Stealth        | 2 |  2.9
Dodging        | 3 |  3.0
Fighting       | |  1.9
Evocations     | |  3.8

Action                   || total
-------------------------++-------
Melee: Unarmed           ||   106
       Tentacles         ||    35
       Constrict         ||    32
       Punch             ||     2
Evoke: Wand              ||     1
 Stab: Sleeping          ||     5
Armor: Skin              ||     7
Dodge: Dodged            ||    84

Table legend: (Time is in decaauts)
 A = Elapsed time spent in this place.
 B = Non-inter-level travel time spent in this place.
 C = Inter-level travel time spent in this place.
 D = Time resting spent in this place.
 E = Time spent auto-exploring this place.
 F = Levels seen in this place.
 G = Mean time per level.
                   A        B        C        D        E       F      G
               +--------+--------+--------+--------+--------+-----+--------+
         Total |   1328 |   1168 |    160 |      0 |      0 |   5 |  265.6 |
       Dungeon |   1214 |   1111 |    103 |      0 |      0 |   4 |  303.5 |
        Temple |    114 |     57 |     57 |      0 |      0 |   1 |  114.0 |
               +--------+--------+--------+--------+--------+-----+--------+

Top non-repeatable levels by time:
     D:3: 448 daAuts
     D:1: 415 daAuts
     D:2: 307 daAuts
  Temple: 114 daAuts
     D:4: 42 daAuts
